 Dungeon Crawl Stone Soup version 0.30.1-3-gfc49f6343a (webtiles) character file.

Game seed: 887699853544685334

197 KyoPewz the Vexing (level 5, 0/22 HPs)
             Began as a Felid Enchanter on Aug 4, 2023.
             Slain by an orc
             ... wielding a +0 club
              (2 damage)
             ... on level 3 of the Dungeon.
             The game lasted 00:16:29 (2818 turns).

KyoPewz the Vexing (Felid Enchanter)                Turns: 2818, Time: 00:16:29

Health: 0/22       AC:  6    Str:  4    XL:     5   Next: 46%
Magic:  9/9        EV: 17    Int: 16    God:
Gold:   123        SH:  0    Dex: 19    Spells: 0/8 levels left
                                        Lives:  0   Deaths: 1

rFire   . .          .
                       - Unarmed
rCold   . . .        (shield unavailable)
rNeg    . . .        (body armour unavailable)
rPois   .            (helmet unavailable)
rElec   .            (cloak unavailable)
rCorr   .            (gloves unavailable)
SInv    +            (boots unavailable)
Will    .....        (no amulet)
Stlth   +++          q - +4 ring of protection
HPRegen 0.23/turn    (no ring)
MPRegen 0.11/turn

%: no passive effects
@: quick
A: very small, claws 1, fangs 3, see invisible, speed 1, shaggy fur 2, stealthy
paws, no weapons or thrown items, no armour, multi-lived
a: no special abilities


You were on level 3 of the Dungeon.
You visited 2 branches of the dungeon, and saw 5 of its levels.

You collected 123 gold pieces.

Inventory:

Jewellery
 q - a +4 ring of protection (left paw)
Wands
 o - a wand of roots (5)
Scrolls
 e - 2 scrolls of identify {unknown}
 g - a scroll of immolation
 i - a scroll of poison {unknown}
 k - a scroll of fog {unknown}
 m - a scroll of amnesia {unknown}
 n - a scroll of magic mapping {unknown}
Potions
 a - 3 potions of invisibility
 b - 3 potions of curing {unknown}
 c - a potion of lignification {unknown}
 d - a potion of mutation {unknown}
 f - a potion of cancellation {unknown}
 h - a potion of haste
 j - a potion of resistance {unknown}
 l - 2 potions of might {unknown}
 p - 2 potions of ambrosia {unknown}


   Skills:
 - Level 2.0 Fighting
 - Level 2.6 Dodging
 + Level 6.1 Stealth
 + Level 3.6 Unarmed Combat
 - Level 2.0 Spellcasting
 + Level 6.7 Hexes


You couldn't memorise any spells.
You knew the following spells:

 Your Spells              Type           Power      Damage    Failure   Level
a - Ensorcelled Hibernat  Hex/Ice        24%        N/A       8%          2
b - Tukima's Dance        Hex            23%        N/A       4%          3
c - Confusing Touch       Hex            23%        N/A       4%          3

Your spell library contained the following spells:

 Spells                   Type           Power      Damage    Failure   Level
 Dazzling Flash           Conj/Hex       24%        N/A       16%         3
 Summon Guardian Golem    Hex/Summ       12%        N/A       16%         3
 Summon Small Mammal      Summ           4%         N/A       21%         1
 Call Canine Familiar     Summ           1%         N/A       52%         3


Dungeon Overview and Level Annotations

Branches:
Dungeon (4/15)             Temple (1/1) D:4

Altars:
Cheibriados
Elyvilon
Fedhas
Hepliaklqana
Kikubaaqudgha
Makhleb
Nemelex Xobeh
Okawaru
Trog
Xom
Zin
The Shining One

Shops:
D:2 :

Annotations:
D:3 Grinder
D:4 Robin


Innate Abilities, Weirdness & Mutations

You have sharp claws.
You have razor-sharp teeth.
You have supernaturally acute eyesight. (SInv)
You cover ground quickly. (Speed+)
You are covered in thick fur. (AC +2)
Your paws help you pounce on unaware monsters.
You are incapable of wielding weapons or throwing items.
You cannot wear armour.
You gain extra lives every three experience levels.


Message History

Pain shoots through your body!
Ouch! That really hurt!
You can move again.
You take 11 damage, and have 8/22 hp.
MASSIVE DAMAGE!!
You scratch Grinder.
Grinder is severely wounded.
Grinder closely misses you.
You closely miss Grinder.
Grinder is severely wounded.
Grinder hits you. The orc misses you.
You take 1 damage, and have 7/22 hp.
You scratch Grinder but do no damage.
Grinder is severely wounded.
Grinder hits you but does no damage. The orc closely misses you.
You barely miss Grinder.
Grinder is severely wounded.
You scratch Grinder.
Grinder is severely wounded.
Grinder misses you. The orc barely misses you.
You closely miss Grinder. Your bite misses Grinder.
Grinder is severely wounded.
Grinder hits you.
You writhe in agony.
* * * LOW HITPOINT WARNING * * *
The orc hits you but does no damage.
You take 7 damage, and have 1/22 hp.
MASSIVE DAMAGE!!
You closely miss Grinder.
Grinder is severely wounded.
Grinder barely misses you. The orc hits you but does no damage.
You scratch Grinder but do no damage. You bite Grinder, but do no damage.
Grinder is severely wounded.
Grinder gestures at you. You resist with some effort.
The orc barely misses you.
You completely miss Grinder.
Grinder is severely wounded.
Grinder completely misses you. The orc hits you but does no damage.
You scratch Grinder.
Grinder is almost dead.
Grinder gestures at you.
You struggle to resist.
The orc hits you with a +0 club.
You die...

#...........<..
#..............
######....#........
#...............o<)
#..........#.......
#.......##.......o.
#.......###........
###5o.....##.......o.
#...@.........#......
#..........#######...
#......##.......##.#.
#...........###...... ...#
#.................... ...
###'###'###+###.......
####..##..#.......#..#.##....
.......#..#.......#..#)##....
.......'..+###+###'..'.......


You could see Grinder and an orc.

Vanquished Creatures
  Terence (D:3)
  Jessica (D:3)
  6 adders
  3 worms
  4 orcs
  8 endoplasms
  10 goblins
  7 hobgoblins
  3 jackals (D:2)
  3 quokkas
  5 ball pythons
  3 bats (D:2)
  5 frilled lizards
  5 kobolds
  3 rats
67 creatures vanquished.

Vanquished Creatures (collateral kills)
  Sigmund (D:3)
1 creature vanquished.

Vanquished Creatures (others)
  A rat (D:3)
1 creature vanquished.

Grand Total: 69 creatures vanquished

Notes
Turn   | Place    | Note
-------+----------+-------------------------------------------
     0 | D:1      | KyoPewz the Felid Enchanter began the quest for the Orb.
     0 | D:1      | Reached XP level 1. HP: 7/7 MP: 4/4
   288 | D:1      | Reached XP level 2. HP: 10/11 MP: 6/6
   682 | D:1      | Learned a level 2 spell: Ensorcelled Hibernation
   778 | D:2      | Reached skill level 1 in Fighting
   779 | D:2      | Reached XP level 3. HP: 12/15 MP: 7/7
   818 | D:2      | Found Ozxozauh's Book Emporium.
   931 | D:2      | Found a glowing golden altar of the Shining One.
  1036 | D:2      | You fall into a shaft and drop 2 floors!
  1143 | D:3      | Noticed Sigmund
  1143 | D:3      | Noticed Jessica
  1326 | D:4      | Reached skill level 5 in Hexes
  1326 | D:4      | Reached XP level 4. HP: 19/19 MP: 8/8
  1338 | D:4      | Found a staircase to the Ecumenical Temple.
  1355 | Temple   | Entered the Ecumenical Temple
  1556 | D:4      | Noticed Robin
  1667 | D:3      | Noticed Terence
  1738 | D:2      | Reached skill level 5 in Stealth
  2138 | D:3      | Learned a level 3 spell: Tukima's Dance
  2149 | D:3      | Killed Terence
  2255 | D:3      | Found a white marble altar of Elyvilon.
  2308 | D:3      | Killed Sigmund
  2309 | D:3      | Reached XP level 5. HP: 2/22 MP: 1/9
  2309 | D:3      | Gained mutation: You are covered in thick fur. (AC +2)
                  | [Felid growth]
  2309 | D:3      | Reached XP level 6. HP: 3/26 MP: 1/10
  2417 | D:3      | Noticed Grinder
  2442 | D:3      | Paralysed by Grinder for 5 turns
  2462 | D:3      | Mangled by Grinder
  2463 | D:3      | Reached XP level 5. HP: -6/22 MP: 9/9
  2471 | D:3      | Identified the +5 ring mail "Wahibuts" {rN++ Regen+ Str-3
                  | Stlth+}
  2476 | D:3      | Learned a level 3 spell: Confusing Touch
  2481 | D:3      | Killed Jessica
  2549 | D:3      | Found a bloodstained altar of Trog.
  2569 | D:3      | Paralysed by Grinder for 5 turns
  2576 | D:3      | HP: 1/22 [Grinder/nerve-wracking pain (10)]
  2806 | D:3      | Paralysed by Grinder for 2 turns
  2814 | D:3      | HP: 1/22 [Grinder (6)]
  2818 | D:3      | Slain by an orc

Illustrated notes

Levels and vault maps discovered:
D:1:      lemuel_arrival_hallway, layout_loops_cross,
          minmay_misc_feat_nine_boxes
D:2:      cheibrodos_old_hovel, layout_basic, basic_altar, serial_shops, shop
D:3:      layout_rooms, mainiacjoe_overflow_24_doors, general_overflow_altar,
          uniq_sigmund, uniq_grinder, uniq_jessica, uniq_terence
D:4:      layout_basic, minmay_temple_entry_glass, uniq_robin
Temple:   hellmonk_temple_flake

Skill      XL: |  1  2  3  4  5 |
---------------+----------------+-----
Unarmed Combat | 2 3 |  3.6
Fighting       | 1 2 |  2.0
Hexes          | 5 6 |  6.7
Stealth        | 5 6 |  6.1
Dodging        | |  2.6
Spellcasting   | |  2.0

Action                     |  1- 3 |  4- 6 || total
---------------------------+-------+-------++-------
  Melee: Unarmed           |   107 |   108 ||   215
         Bite              |    12 |    17 ||    29
         Punch             |     3 |       ||     3
   Cast: Ensorcelled Hiber |     2 |    10 ||    12
         Tukima's Dance    |       |     1 ||     1
    Use: Scroll            |       |     1 ||     1
   Stab: Sleeping          |     9 |    13 ||    22
         Distracted        |     1 |     1 ||     2
 Armour: Skin              |     7 |    15 ||    22
  Dodge: Dodged            |    80 |    75 ||   155
